 Dungeon Crawl Stone Soup version 0.28-a0-850-g09de17f5b5 (webtiles) character file.

Game seed: 3712742906716087255

35 tatocazan the Skirmisher (level 3, 28/29 HPs)
             Began as a Demonspawn Fighter on Nov 13, 2021.
             Quit the game on level 2 of the Dungeon.
             The game lasted 00:01:09 (1223 turns).

tatocazan the Skirmisher (Demonspawn Fighter)       Turns: 1223, Time: 00:01:10

Health: 28/29      AC:  6    Str: 17    XL:     3   Next: 17%
Magic:  3/3        EV:  9    Int:  9    God:
Gold:   34         SH:  4    Dex: 12    Spells: 2/2 levels left

rFire   . . .      SeeInvis .   a - +0 war axe
rCold   . . .      Faith    .   c - +0 buckler
rNeg    . . .      Spirit   .   b - +0 scale mail
rPois   .          Reflect  .   (no helmet)
rElec   .          Harm     .   (no cloak)
rCorr   .          Rampage  .   (no gloves)
Will    .....                   (no boots)
Stlth   ..........              (no amulet)
HPRegen 0.09/turn               (no ring)
MPRegen 0.08/turn               (no ring)

@: no status effects
A: hooves 1, powered by pain 1
a: no special abilities


You were on level 2 of the Dungeon.
You visited 1 branch of the dungeon, and saw 2 of its levels.

You collected 34 gold pieces.

Inventory:

Hand Weapons
 a - a +0 war axe (weapon)
Armour
 b - a +0 scale mail (worn)
 c - a +0 buckler (worn)
Potions
 d - a potion of might
 e - a potion of lignification {unknown}
 f - a potion of magic {unknown}


   Skills:
 + Level 3.4 Fighting
 + Level 2.2 Axes
 + Level 3.0 Armour
 + Level 3.0 Shields


You had 2 spell levels left.
You didn't know any spells.
Your spell library was empty.

Dungeon Overview and Level Annotations

Branches:
Dungeon (2/15)

Altars:
The Shining One


Innate Abilities, Weirdness & Mutations

You have large cloven feet.
You sometimes gain a little power by taking damage.


Message History

Key pressed, stopping explore.
Key pressed, stopping explore.
You now have 34 gold pieces (gained 11).
Key pressed, stopping explore.
A frilled lizard comes into view.
A frilled lizard is nearby!
No target in view!
No target in view!
No target in view!
No target in view!
No target in view!
No target in view!
No target in view!
No target in view!
No target in view!
The frilled lizard bites you.
You take 2 damage, and have 27/29 hp.
You hit the frilled lizard.
You kill the frilled lizard!
No target in view!
No target in view!
No target in view!
No target in view!
No target in view!
No target in view!
No target in view!
No target in view!
No target in view!
No target in view!
No target in view!
No target in view!
No target in view!
No target in view!
No target in view!
No target in view!
No target in view!
No target in view!
No target in view!
No target in view!
Are you sure you want to abandon this character and quit the game? (Confirm with "yes".)

#.##..............#..
.....#......##....#..
#....................
#. #.#...............
###. #.#..##...........
.....#.#..##.###.#..#..
####..#.#..##.#
#.#..#.#
...........##.#
#.#..#.# ###..#@#####.#
#.#..... # #†#
#.###.#..#.# ...
............ .....
#.###.#..... ....###
#.# #....... ...###
#(#[..## ###. # #.....
## ##..## #....


There were no monsters in sight!

Vanquished Creatures
  An adder (D:2)
  2 dart slugs (D:1)
  4 ball pythons
  3 endoplasms
  A goblin (D:1)
  2 hobgoblins (D:1)
  A quokka (D:1)
  2 bats (D:1)
  4 frilled lizards
  A kobold (D:1)
21 creatures vanquished.

Notes
Turn   | Place    | Note
-------+----------+-------------------------------------------
     0 | D:1      | tatocazan the Demonspawn Fighter began the quest for the
                  | Orb.
     0 | D:1      | Reached XP level 1. HP: 18/18 MP: 1/1
    17 | D:1      | You fall into a shaft and drop 1 floor!
    66 | D:1      | Gained mutation: You sometimes gain a little power by
                  | taking damage. [demonic ancestry]
    66 | D:1      | Reached XP level 2. HP: 22/24 MP: 2/2
   335 | D:1      | Found a faded altar of an unknown god.
   707 | D:2      | Gained mutation: You have large cloven feet. [demonic
                  | ancestry]
   707 | D:2      | Reached XP level 3. HP: 7/29 MP: 3/3
  1223 | D:2      | Quit the game

Illustrated notes

Levels and vault maps discovered:
D:1:      denvon_arrival_waterhouse, layout_rooms,
          shapermc_ecumenical_altar_totnotflames, chequers_serial_rivers_micro_d
D:2:      layout_basic, basic_altar

Skill      XL: |  1  2 |
---------------+-------+-----
Axes           | 2 |  2.2
Shields        | 3 |  3.0
Armour         | 3 |  3.0
Fighting       | |  3.4

Action                   || total
-------------------------++-------
Melee: War axe           ||    70
Armor: Scale mail        ||    37
Dodge: Dodged            ||    47
Block: Buckler           ||    22

Table legend: (Time is in decaauts)
 A = Elapsed time spent in this place.
 B = Non-inter-level travel time spent in this place.
 C = Inter-level travel time spent in this place.
 D = Time resting spent in this place.
 E = Time spent auto-exploring this place.
 F = Levels seen in this place.
 G = Mean time per level.
                   A        B        C        D        E       F      G
               +--------+--------+--------+--------+--------+-----+--------+
         Total |   1253 |   1217 |     36 |    439 |    599 |   2 |  626.5 |
       Dungeon |   1253 |   1217 |     36 |    439 |    599 |   2 |  626.5 |
               +--------+--------+--------+--------+--------+-----+--------+

Top non-repeatable levels by time:
     D:2: 700 daAuts
     D:1: 552 daAuts
